 Dungeon Crawl Stone Soup version 0.32-a0-818-gb728d0252e (webtiles) character file.

Game seed: 16357989315257224364

6726 Alarak the Spear-Bearer (level 11, -8/87 HPs)
             Began as a Merfolk Gladiator on Mar 25, 2024.
             Was a Believer of Ashenzari.
             Killed from afar by a molten gargoyle (14 damage)
             ... with a bolt of magma
             ... on level 9 of the Dungeon.
             The game lasted 00:21:40 (7379 turns).

Alarak the Spear-Bearer (Merfolk Gladiator)         Turns: 7379, Time: 00:21:40

Health: -8/87      AC:  8    Str: 18    XL:     11   Next: 4%
Magic:  11/11      EV: 18    Int:  8    God:    Ashenzari [**....]
Gold:   539        SH: 11    Dex: 16    Spells: 10/10 levels left

rFire   . . .        F - +3 trident (drain)
rCold   . . .        H - +0 kite shield
rNeg    . . .        p - +0 ring mail
rPois   .            c - +0 helmet of Ashenzari's Submission {Range, Melee} (curse)
rElec   .            (no cloak)
rCorr   +            B - +0 pair of gloves of the Unveiling God {Melee, Bglg} (curse)
SInv    +            (no boots)
Will    .....        (no amulet)
Stlth   +            s - ring of the Cryptic Sky {rCorr, Self, Melee} (curse)
HPRegen 0.34/turn    C - ring "Eternal Together" {EV+5, Self, Fort} (curse)
MPRegen 0.12/turn

%: no passive effects
@: no status effects
A: (nimble swimmer 2), mertail
a: Renounce Religion, Shatter the Chains


You were on level 9 of the Dungeon.
You worshipped Ashenzari.
Ashenzari was pleased with you.
You visited 1 branch of the dungeon, and saw 9 of its levels.

You collected 539 gold pieces.

Inventory:

Hand Weapons
 a - a +1 trident
 r - the +9 war axe "Kerghih" {holy, rElec rPois}
   (You found it on level 4 of the Dungeon)

   rElec:     It insulates you from electricity.
   rPois:     It protects you from poison.
 x - a +0 scythe
 F - a +3 trident of draining (weapon)
Missiles
 d - 4 throwing nets (quivered)
 e - a javelin
Armour
 b - a +0 leather armour
 c - the cursed +0 helmet of Ashenzari's Submission (worn) {Range, Melee}

   It has a curse which improves the following skills: Ranged Combat: Ranged
   Weapons and Throwing.
   Melee Combat: Short Blades, Long Blades, Axes, Maces & Flails, Polearms,
   Staves and Unarmed Combat.
 f - a +0 plate armour
 p - a +0 ring mail (worn)
 B - the cursed +0 pair of gloves of the Unveiling God (worn) {Melee, Bglg}
   (You found it on level 5 of the Dungeon)

   It has a curse which improves the following skills: Melee Combat: Short
   Blades, Long Blades, Axes, Maces & Flails, Polearms, Staves and Unarmed
   Combat.
   Beguiling: Hexes and Translocations.
 H - a +0 kite shield (worn)
 I - a +0 scale mail
Jewellery
 s - the cursed ring of the Cryptic Sky (left hand) {rCorr, Self, Melee}
   (You found it on level 3 of the Dungeon)

   [ring of resist corrosion]

   rCorr:     It protects you from acid and corrosion.
   It has a curse which improves the following skills: Introspection: Fighting
   and Spellcasting.
   Melee Combat: Short Blades, Long Blades, Axes, Maces & Flails, Polearms,
   Staves and Unarmed Combat.
 w - a ring of ice
 A - a ring of willpower
 C - the cursed ring "Eternal Together" (right hand) {EV+5, Self, Fort}
   (You found it on level 5 of the Dungeon)

   [ring of evasion]

   EV+5:      It affects your evasion (+5).
   It has a curse which improves the following skills: Introspection: Fighting
   and Spellcasting.
   Fortitude: Armour and Shields.
 O - a ring of flight
 Q - a ring of poison resistance
Wands
 t - a wand of charming (20)
 D - a wand of flame (28)
 E - a wand of polymorph (12)
 K - a wand of roots (9)
Scrolls
 g - 3 scrolls of enchant weapon
 h - 4 scrolls of identify
 j - a scroll of amnesia
 o - a scroll of enchant armour
 y - a scroll of blinking
 z - a scroll of teleportation
 J - a scroll of poison
 L - a scroll of torment
 M - a scroll of revelation
 P - a scroll of vulnerability
Potions
 i - 2 potions of cancellation
 k - a potion of lignification
 l - 3 potions of brilliance
 m - 4 potions of curing
 n - a potion of attraction
 q - 2 potions of enlightenment
 u - 5 potions of haste
 v - a potion of might
 G - a potion of berserk rage
 N - a potion of ambrosia


   Skills:
 - Level 6.7(8.5) Fighting
 - Level 4.4(8.6) Axes
 - Level 13.1(15.9) Polearms
 - Level 2.0(2.9) Throwing
 + Level 3.4(4.4) Armour
 - Level 9.6 Dodging
 - Level 6.8(8.0) Shields


You had 10 spell levels left.
You didn't know any spells.
Your spell library contained the following spells:

 Spells                   Type           Power      Damage    Failure   Level
 Apportation              Tloc           0%         N/A       83%         1
 Necrotise                Necr           0%         1d4       86%         1
 Sting                    Conj/Alch      0%         1d3       86%         1
 Summon Small Mammal      Summ           0%         N/A       86%         1
 Jinxbite                 Hex            0%         N/A       93%         2
 Call Imp                 Summ           0%         N/A       94%         2
 Ensorcelled Hibernation  Hex/Ice        0%         N/A       94%         2
 Sublimation of Blood     Necr           0%         N/A       94%         2
 Gell's Gravitas          Tloc           0%         N/A       99%         3
 Passwall                 Erth           0%         N/A       99%         3
 Sigil of Binding         Hex            0%         N/A       99%         3
 Swiftness                Air            0%         N/A       99%         3
 Teleport Other           Tloc           0%         N/A       99%         3
 Animate Dead             Necr           0%         N/A       100%        4
 Borgnjor's Vile Clutch   Necr/Erth      0%         N/A       100%        5
 Yara's Violent Unravell  Hex/Alch       0%         3d3       100%        5
 Death Channel            Necr           0%         N/A       100%        6
 Dispersal                Tloc           0%         N/A       100%        6
 Sculpt Simulacrum        Ice/Alch       0%         N/A       100%        6
 Enfeeble                 Hex            0%         N/A       100%        7
 Summon Hydra             Summ           0%         N/A       100%        7


Dungeon Overview and Level Annotations

Branches:
Dungeon (9/15)             Temple (0/1) D:5             Orc (0/2) D:9
   Lair: D:8-11

Altars:
Ashenzari
Cheibriados
Fedhas
Kikubaaqudgha
Qazlal
Ru
Sif Muna
Trog
The Shining One

Shops:
D:9 *

Portals:
Abyss: D:7

Annotations:
D:7 2 transporters, Shym's ghost, novice OnAl


Innate Abilities, Weirdness & Mutations

((You are very nimble when in or above water. (Stealth+, EV+, Speed+++)))
Your lower body shifts to a powerful aquatic tail in water.


Message History

The yak is moderately wounded.
You block the yak's attack.
You puncture the yak!
The yak is heavily wounded.
You hit the yak.
The yak is severely wounded.
The yak gores you but does no damage.
You puncture the yak!
You kill the yak!
You barely miss the molten gargoyle. The molten gargoyle closely misses you.
You hit the molten gargoyle.
The molten gargoyle is lightly damaged.
You hit the molten gargoyle.
The molten gargoyle is lightly damaged.
The molten gargoyle misses you.
You hit the molten gargoyle but do no damage.
The molten gargoyle is lightly damaged.
The molten gargoyle hits you with a +0 mace!
You are engulfed in flames!
You are too injured to fight recklessly!
Reach: F) +3 trident (drain)
Press: ? - help, Dir - move target, f - molten gargoyle
Aim: a molten gargoyle, wielding a +0 mace (lightly damaged, about 20% to evade your +3 trident of draining)
You barely miss the molten gargoyle.
The molten gargoyle is lightly damaged.
Reach: F) +3 trident (drain)
Press: ? - help, Dir - move target, f/p - molten gargoyle
Aim: a molten gargoyle, wielding a +0 mace (lightly damaged, about 20% to evade your +3 trident of draining)
You hit the molten gargoyle but do no damage.
The molten gargoyle is lightly damaged.
The molten gargoyle blasts magma at you!
The bolt of magma hits you!!
* * * LOW HITPOINT WARNING * * *
Okay, then.
Blink to where?
Press: ? - help, Dir - move target, p - molten gargoyle
As you read the scroll of blinking, it crumbles to dust.
The molten gargoyle blasts magma at you!
The bolt of magma hits you!
You die...

########### ######.........#
....##.........##############
###.##..:......##...........#
.....'....∩..........>......#
###.##.........#..........^.#
..#.##.........#@........"..#
#.#.############............#
#.#.# #....9......# #.#.#
#.####.#####.# ######## ###
##### ##)....#
##.###ß###ß###ß#######....#..
#...#...#...#...#§§§§#.....#
................#§§§≈#....#.≈
..))............'..>≈#.....#.


You could see a molten gargoyle.

Vanquished Creatures
  Pikel (D:4)
  A molten gargoyle (D:9)
  Jeremiah (D:6)
  Grinder (D:6)
  Sigmund (D:4)
  A wyvern (D:7)
  Eustachio (D:6)
  11 yaks
  Menkaure (D:4)
  2 water moccasins
  A sky beast (D:7)
  5 orc warriors
  2 black bears
  A centaur (D:8)
  2 phantoms
  4 lemures (D:4)
  A kobold brigand (D:9)
  2 gnoll sergeants
  5 bullfrogs
  A scorpion (D:5)
  11 wights
  A crimson imp (D:4)
  4 bombardier beetles
  3 jellies
  5 orc priests
  A gnoll bouda (D:6)
  A sleepcap (D:5)
  2 iguanas
  8 orc wizards
  14 gnolls
  8 adders
  A shadow imp (D:8)
  2 ufetubi (D:6)
  2 dart slugs
  2 ribbon worms
  40 orcs
  A ball python (D:1)
  8 endoplasms
  4 giant cockroaches
  2 hobgoblins
  2 jackals (D:4)
  2 quokkas
  4 bats
  4 frilled lizards
  9 goblins
  A goblin skeleton (D:4)
  3 hobgoblin zombies (D:4)
  12 kobolds
  2 kobold skeletons (D:4)
  An orc skeleton (D:4)
  2 orc zombies (D:4)
  7 rats
214 creatures vanquished.

Vanquished Creatures (others)
  An arcanist (D:8)
1 creature vanquished.

Grand Total: 215 creatures vanquished

Notes
Turn   | Place    | Note
-------+----------+-------------------------------------------
     0 | D:1      | Alarak the Merfolk Gladiator began the quest for the Orb.
     0 | D:1      | Reached XP level 1. HP: 16/16 MP: 1/1
   249 | D:1      | Reached XP level 2. HP: 20/22 MP: 2/2
   667 | D:2      | Reached skill level 5 in Polearms
  1074 | D:2      | Reached skill level 6 in Polearms
  1074 | D:2      | Reached XP level 3. HP: 22/27 MP: 3/3
  1209 | D:2      | Reached XP level 4. HP: 29/33 MP: 4/4
  1297 | D:2      | Found a faded altar of an unknown god.
  1315 | D:2      | Prayed at the altar of an unknown god.
  1315 | D:2      | Became a worshipper of Ashenzari the Shackled
  1788 | D:3      | Reached skill level 7 in Polearms
  1788 | D:3      | Reached XP level 5. HP: 38/38 MP: 5/5
  1964 | D:3      | Reached * piety under Ashenzari
  1968 | D:3      | Reached skill level 8 in Polearms
  2196 | D:3      | Reached XP level 6. HP: 28/46 MP: 6/6
  2201 | D:3      | Reached skill level 9 in Polearms
  2542 | D:4      | Found a glowing golden altar of the Shining One.
  2629 | D:4      | Identified the +9 war axe "Kerghih" {holy, rElec rPois}
  2633 | D:4      | Noticed Pikel
  2659 | D:4      | Noticed Sigmund
  2677 | D:4      | Killed Pikel
  2678 | D:4      | Reached skill level 11 in Polearms
  2678 | D:4      | Reached XP level 7. HP: 29/51 MP: 7/7
  2679 | D:4      | Killed Sigmund
  2680 | D:4      | Reached skill level 12 in Polearms
  2680 | D:4      | Reached XP level 8. HP: 33/57 MP: 8/8
  2947 | D:4      | Noticed Menkaure
  2955 | D:4      | Killed Menkaure
  3095 | D:4      | Found a shimmering blue altar of Sif Muna.
  3177 | D:4      | Reached skill level 13 in Polearms
  3456 | D:5      | Entered Level 5 of the Dungeon
  3602 | D:5      | Reached skill level 5 in Fighting
  3902 | D:5      | Found a staircase to the Ecumenical Temple.
  4029 | D:5      | Found a blossoming altar of Fedhas.
  4044 | D:5      | Found a stormy altar of Qazlal.
  4233 | D:6      | Noticed Eustachio
  4248 | D:6      | Killed Eustachio
  4249 | D:6      | Reached XP level 9. HP: 39/72 MP: 9/9
  4412 | D:6      | Found an ancient bone altar of Kikubaaqudgha.
  4422 | D:6      | Noticed Grinder
  4430 | D:6      | Paralysed by Grinder for 2 turns
  4433 | D:6      | Reached skill level 1 in Axes
  4435 | D:6      | Killed Grinder
  4650 | D:6      | Noticed Jeremiah
  4664 | D:6      | Killed Jeremiah
  4909 | D:6      | Reached skill level 5 in Dodging
  5466 | D:7      | Noticed a brown ugly thing
  5466 | D:7      | Noticed a brown ugly thing
  5467 | D:7      | Found a transporter.
  5483 | D:7      | Noticed Shym's ghost (novice OnAl)
  5609 | D:7      | Found a snail-covered altar of Cheibriados.
  5649 | D:7      | Reached ** piety under Ashenzari
  5702 | D:7      | Reached XP level 10. HP: 69/82 MP: 10/10
  5857 | D:7      | Found a one-way gate to the infinite horrors of the Abyss.
  5881 | D:7      | Found a transporter.
  6093 | D:8      | Identified the +1 sling of Ascent {freeze, rC- rCorr Str+4
                  | Int+3}
  6117 | D:8      | Found a sacrificial altar of Ru.
  6150 | D:8      | Reached skill level 1 in Shields
  6332 | D:8      | Reached skill level 5 in Shields
  6499 | D:8      | Found a bloodstained altar of Trog.
  6500 | D:8      | Noticed a wizard
  6506 | D:8      | Killed a wizard
  7059 | D:9      | Found a staircase to the Orcish Mines.
  7315 | D:9      | Found Qeyq's General Store.
  7333 | D:9      | Noticed a molten gargoyle
  7335 | D:9      | Noticed a molten gargoyle
  7344 | D:9      | Reached skill level 1 in Armour
  7360 | D:9      | Killed a molten gargoyle
  7367 | D:9      | Reached XP level 11. HP: 59/87 MP: 11/11
  7379 | D:9      | Killed from afar by a molten gargoyle

Illustrated notes

Levels and vault maps discovered:
D:1:      dpeg_arrival_arbitrary_a, layout_loops_ring
D:2:      cheibrodos_pilgrimage, layout_basic, ebering_ecumenical_altar_mist,
          serial_forest, infiniplex_forest_clump_diagonal,
          infiniplex_forest_straight_2, infiniplex_forest_lined_3_way,
          infiniplex_forest_straight_2, infiniplex_forest_clump_tiny,
          infiniplex_forest_lined_room_, infiniplex_forest_clump_C
D:3:      layout_loops_ring
D:4:      layout_gridville, led_sif_pool, nicolae_tso_besieged_by_evil,
          uniq_sigmund, uniq_pikel, uniq_menkaure
D:5:      layout_gridville, grunt_temple_overflow_forces_of_nature,
          temple_hall_moat, grunt_decor_mini_mirrors
D:6:      layout_gridville, mainiacjoe_overflow_six_doors_small, uniq_jeremiah,
          uniq_grinder, uniq_eustachio
D:7:      layout_cave_pools, mainiacjoe_overflow_tiny_flanked,
          gammafunk_ghost_abyssal_escape
D:8:      layout_cave_pools, trog_wizard, lemuel_crystal_altar
D:9:      layout_basic, david_orc_4, serial_shops, shop, minivault_8, uniq_grum

Skill      XL: |  1  2  3  4  5  6  7  8  9 10 |
---------------+-------------------------------+-----
Polearms       | 6 7 8 11 12 13 | 13.1
Fighting       | 6 |  6.7
Axes           | 4 |  4.4
Dodging        | 8 9 |  9.6
Shields        | 6 |  6.8
Armour         | 3 |  3.4
Throwing       | |  2.0

Action                     |  1- 3 |  4- 6 |  7- 9 | 10-12 || total
---------------------------+-------+-------+-------+-------++-------
  Melee: Trident           |    76 |   181 |    98 |   242 ||   597
         War axe           |       |       |    90 |       ||    90
  Throw: Throwing net      |       |       |     2 |       ||     2
 Invoke: Curse Item        |       |     2 |     1 |     1 ||     4
    Use: Scroll            |     6 |     3 |       |     1 ||    10
         Potion            |       |       |     3 |       ||     3
 Armour: Leather armour    |    10 |       |       |       ||    10
         Ring mail         |    23 |    77 |    91 |    48 ||   239
  Dodge: Dodged            |    29 |    68 |   122 |   113 ||   332
  Block: Kite shield       |       |       |       |    99 ||    99

Table legend: (Time is in decaauts)
 A = Elapsed time spent in this place.
 B = Non-inter-level travel time spent in this place.
 C = Inter-level travel time spent in this place.
 D = Time resting spent in this place.
 E = Time spent auto-exploring this place.
 F = Levels seen in this place.
 G = Mean time per level.
                   A        B        C        D        E       F      G
               +--------+--------+--------+--------+--------+-----+--------+
         Total |   7232 |   6839 |    393 |    639 |   5025 |   9 |  803.6 |
       Dungeon |   7232 |   6839 |    393 |    639 |   5025 |   9 |  803.6 |
               +--------+--------+--------+--------+--------+-----+--------+

Top non-repeatable levels by time:
     D:6: 1176 daAuts
     D:2: 1096 daAuts
     D:4: 1021 daAuts
     D:5: 721 daAuts
     D:8: 717 daAuts
     D:3: 679 daAuts
     D:1: 665 daAuts
     D:7: 641 daAuts
     D:9: 512 daAuts
